 Dungeon Crawl Stone Soup version 0.30-a0-292-g0f741e3f8e (webtiles) character file.

Game seed: 2166293296949004401

68 sleeves the Conjurer (level 4, -1/18 HPs)
             Began as a Felid Hedge Wizard on Oct 18, 2022.
             Slain by a scorpion (7 damage)
             ... on level 4 of the Dungeon.
             The game lasted 00:07:37 (3960 turns).

sleeves the Conjurer (Felid Hedge Wizard)           Turns: 3960, Time: 00:07:38

Health: -1/18      AC:  1    Str:  6    XL:     4   Next: 1%
Magic:  0/9        EV: 17    Int: 17    God:
Gold:   128        SH:  0    Dex: 16    Spells: 8/9 levels left
                                        Lives:  0   Deaths: 1

rFire   + . .      SeeInvis +    (weapon unavailable)
rCold   + . .      Faith    .    (shield unavailable)
rNeg    . . .      Spirit   .    (body armour unavailable)
rPois   +          Reflect  .    (helmet unavailable)
rElec   +          Harm     .    (cloak unavailable)
rCorr   +          Rampage  .    (gloves unavailable)
Will    .....                    (boots unavailable)
Stlth   ++........               (no amulet)
HPRegen 0.23/turn                (no ring)
MPRegen 0.11/turn                (no ring)

@: lethally poisoned (-1 -> -5), resistant, studying Stealth, quick
A: very small, claws 1, fangs 3, see invisible, speed 1, shaggy fur 1, stealthy
paws, no weapons or thrown items, no armour, multi-lived, mutation resistance 1
a: no special abilities


You were on level 4 of the Dungeon.
You visited 1 branch of the dungeon, and saw 4 of its levels.

You collected 128 gold pieces.

Inventory:

Jewellery
 e - a ring of fire
   (You found it on level 1 of the Dungeon)
 i - a ring of ice
   (You found it on level 2 of the Dungeon)
 p - an amulet of magic regeneration
   (You found it on level 4 of the Dungeon)
Wands
 k - a wand of flame (18)
   (You found it on level 2 of the Dungeon)
Scrolls
 b - a scroll of fog {unknown}
 c - 2 scrolls of enchant armour {unknown}
 g - a scroll of identify {unknown}
 h - a scroll of magic mapping {unknown}
 o - a scroll of vulnerability {unknown}
Potions
 a - a potion of magic
 f - a potion of resistance
 j - a potion of curing {unknown}
 l - a potion of mutation
 m - a potion of haste {unknown}
 n - a potion of brilliance {unknown}


   Skills:
 - Level 2.6 Dodging
 - Level 2.6 Stealth
 - Level 3.0 Spellcasting
 + Level 4.4 Conjurations
 - Level 1.0 Summonings
 - Level 1.5 Translocations


You had 8 spell levels left.
You knew the following spells:

 Your Spells              Type           Power      Damage    Failure   Level
a - Magic Dart            Conj           68%        1d6       2%          1

Your spell library contained the following spells:

 Spells                   Type           Power      Damage    Failure   Level
 Blink                    Tloc           14%        N/A       14%         2
 Beastly Appendage        Tmut           4%         N/A       17%         1
 Slow                     Hex            8%         N/A       17%         1
 Call Imp                 Summ           5%         N/A       17%         2
 Cigotuvi's Dreadful Rot  Necr/Pois/Air  4%         N/A       26%         2
 Wereblood                Tmut           2%         N/A       26%         2
 Mephitic Cloud           Conj/Pois/Air  7%         N/A       28%         3
 Spider Form              Tmut/Pois      2%         N/A       45%         3


Dungeon Overview and Level Annotations

Branches:
Dungeon (4/15)
 Temple: D:4-7

Altars:

Annotations:
D:2 Terence
D:3 1 runed translucent door, Ijyb; droidtality's ghost, amateur MfGl


Innate Abilities, Weirdness & Mutations

You have sharp claws.
You have razor-sharp teeth.
You have supernaturally acute eyesight. (SInv)
You cover ground quickly. (Speed+)
You are covered in fur. (AC +1)
Your paws help you pounce on unaware monsters.
You are incapable of wielding weapons or throwing items.
You cannot wear armour.
You gain extra lives every three experience levels.
You are somewhat resistant to further mutation.


Message History

A rat is nearby!
A rat is nearby!
The magic dart hits the rat.
You kill the rat!
A kobold comes into view. It is wielding a +0 whip.
A kobold is nearby!
A kobold is nearby!
A kobold is nearby!
The magic dart hits the kobold.
The kobold is severely wounded.
The magic dart hits the kobold.
You kill the kobold!
Things that are here:
a +0 whip; a kobold corpse A giant cockroach comes into view.
A giant cockroach is nearby!
The magic dart hits the giant cockroach.
The giant cockroach is moderately wounded.
The giant cockroach misses you.
The magic dart hits the giant cockroach.
The giant cockroach is moderately wounded.
The giant cockroach closely misses you.
The magic dart hits the giant cockroach.
You kill the giant cockroach!
You can't see any susceptible monsters within range! (Use Z to cast anyway.)
You see here a giant cockroach corpse.
You see here a +0 whip of draining.
Found a stone staircase leading down.
There is a stone staircase leading down here.
An endoplasm comes into view.
The magic dart hits the endoplasm.
The endoplasm is heavily wounded.
The endoplasm quivers.
The magic dart hits the endoplasm but does no damage.
The endoplasm is heavily wounded.
The magic dart hits the endoplasm.
You kill the endoplasm!
You have reached level 2!
e - a ring of fire
Okay, then.
A rat comes into view.
You feel more attuned to fire.
e - a ring of fire (left paw)
You miscast Magic Dart.
You are very lightly contaminated with residual magic.
Nothing appears to happen.
The magic dart hits the rat.
The rat is moderately wounded.
The magic dart hits the rat.
You kill the rat!
You can't see any susceptible monsters within range! (Use Z to cast anyway.)
You can't remove your fur, sorry.
You remove your ring of fire.
Your magical contamination has completely faded away.
f - an orange potion
g - a scroll labelled YLAUL PEF IRCH A kobold comes into view.
It is wielding a +0 short sword.
The magic dart hits the kobold.
The kobold is moderately wounded.
The kobold shouts!
The magic dart hits the kobold but does no damage.
The kobold is moderately wounded.
The kobold completely misses you.
The magic dart hits the kobold.
You kill the kobold!
Your Conjurations skill increases to level 2!
You can't see any susceptible monsters within range! (Use Z to cast anyway.)
You see here a +0 short sword.
Found a stone staircase leading down.
Done exploring.
Done exploring.
Done exploring.
Done exploring.
(D) Dungeon
Where to? (? - help)
There is a stone staircase leading down here.
You climb downwards.
Found a stone staircase leading down and a stone staircase leading up.
There is a stone staircase leading up here.
Unknown command.
Found a club.
An endoplasm comes into view.
Found a scroll labelled ZOQEIR NIEPT.
The magic dart hits the endoplasm.
The endoplasm is severely wounded.
The endoplasm quivers.
The magic dart hits the endoplasm.
You kill the endoplasm!
Magic restored.
You see here a +0 club.
h - a scroll labelled ZOQEIR NIEPT A giant cockroach comes into view.
A giant cockroach is nearby!
The magic dart hits the giant cockroach.
The giant cockroach is heavily wounded.
The magic dart hits the giant cockroach but does no damage.
The giant cockroach is heavily wounded.
The giant cockroach barely misses you. The giant cockroach misses you.
The magic dart hits the giant cockroach.
The giant cockroach is severely wounded.
The giant cockroach closely misses you.
A giant cockroach is nearby!
The magic dart hits the giant cockroach but does no damage.
The giant cockroach is severely wounded.
The giant cockroach bites you but does no damage.
The magic dart hits the giant cockroach.
You kill the giant cockroach!
You see here a giant cockroach corpse.
d - 2 purple potions (gained 1)
You see here the +5 scale mail "Waiclum" {+Inv Int+6 Dex-3}.
A ball python comes into view.
A rat comes into view.
There are monsters nearby!
The magic dart hits the ball python.
The ball python is severely wounded.
The ball python hisses angrily.
The magic dart hits the ball python.
You kill the ball python!
The magic dart hits the rat but does no damage.
You can't see any susceptible monsters within range! (Use Z to cast anyway.)
A rat is nearby!
A rat is nearby!
A rat is nearby!
The magic dart hits the rat.
The rat is severely wounded.
The magic dart hits the rat.
You kill the rat!
Found a stone staircase leading down.
A black bear comes into view.
You see here a rat corpse.
A black bear is nearby!
A bat comes into view.
Found a glowing dagger.
A bat is nearby!
A bat is nearby!
An adder comes into view.
The bat barely misses you.
The magic dart hits the bat.
You kill the bat!
You start resting.
Magic restored.
Found a small steel ring.
Found a glowing red potion, a long sword and 8 gold pieces.
i - a ring of ice The magic dart hits the adder.
The adder is heavily wounded.
The magic dart hits the adder.
The adder is almost dead.
The magic dart hits the adder.
You kill the adder!
Magic restored.
You see here a +0 dagger of electrocution.
You now have 69 gold pieces (gained 8).
Found a stone staircase leading up.
j - a glowing red potion An adder comes into view.
The magic dart hits the adder.
The adder is heavily wounded.
The adder hisses angrily.
You can't see any susceptible monsters within range! (Use Z to cast anyway.)
The magic dart hits the adder.
The adder is severely wounded.
The magic dart hits the adder.
The adder is almost dead.
The magic dart hits the adder.
You kill the adder!
You have reached level 3!
Your experience leads to an increase in your attributes!
Increase (S)trength, (I)ntelligence, or (D)exterity?
You feel clever. x2
Found a ring mail.
An adder comes into view.
An adder is nearby!
An adder is nearby!
The magic dart hits the adder.
The adder is moderately wounded.
The adder hisses angrily.
The magic dart hits the adder.
The adder is heavily wounded.
The magic dart hits the adder.
The adder is severely wounded.
The magic dart hits the adder.
You kill the adder!
Your Conjurations skill increases to level 3!
You see here a +0 ring mail.
Found a stone staircase leading down.
There is a stone staircase leading down here.
An adder comes into view.
An adder is nearby!
The magic dart hits the adder.
The adder is moderately wounded.
The adder hisses angrily.
The magic dart hits the adder.
The adder is almost dead.
The magic dart hits the adder.
You kill the adder!
You can't see any susceptible monsters within range! (Use Z to cast anyway.)
You see here an adder corpse.
You now have 83 gold pieces (gained 14). 2 goblins come into view.
There are monsters nearby!
There are monsters nearby!
The magic dart hits the goblin.
You kill the goblin!
The magic dart hits the goblin.
The goblin is severely wounded.
The goblin shouts!
The magic dart hits the goblin.
You kill the goblin!
You pick up a book of Changes and begin reading...
You add the spells Beastly Appendage, Wereblood and Spider Form to your library.
k - a wand of flame (18)
Found a faded altar of an unknown god.
l - a sedimented yellow potion A goblin comes into view.
It is wielding a +0 club.
A goblin is nearby!
A goblin is nearby!
The magic dart hits the goblin.
You kill the goblin!
You see here a +0 club.
A bat comes into view.
A bat is nearby!
A bat is nearby!
The magic dart hits the bat.
The bat is moderately wounded.
The magic dart hits the bat.
The bat is severely wounded.
A bat is nearby!
A bat is nearby!
The magic dart hits the bat.
You kill the bat!
A ball python comes into view.
A ball python is nearby!
A ball python is nearby!
A ball python is nearby!
The magic dart hits the ball python.
The ball python is heavily wounded.
The ball python hisses angrily.
The ball python completely misses you. The ball python misses you.
The magic dart hits the ball python.
The ball python is severely wounded.
The ball python completely misses you. The ball python closely misses you.
The magic dart hits the ball python.
You kill the ball python!
Found a scale mail.
A dart slug comes into view.
A dart slug is nearby!
The magic dart hits the dart slug.
The dart slug is moderately wounded.
The magic dart hits the dart slug.
The dart slug is severely wounded.
A dart slug is nearby!
A dart slug is nearby!
A dart slug is nearby!
You miscast Magic Dart.
You are very lightly contaminated with residual magic.
Nothing appears to happen.
The magic dart hits the dart slug.
You kill the dart slug!
You can't see any susceptible monsters within range! (Use Z to cast anyway.)
Your magical contamination has completely faded away.
f - 2 orange potions (gained 1) Terence the Incautious comes into view.
He is wielding a +2 trident of protection.
Terence shouts!
Terence is nearby!
Terence is nearby!
Found 9 gold pieces.
You now have 92 gold pieces (gained 9).
Terence shouts!
Terence hits you from afar with a +2 trident of protection!
Ouch! That really hurt!
* * * LOW HITPOINT WARNING * * *
You are too injured to fight recklessly!
Aiming: Magic Dart (safe; 4% risk of failure)
Press: ? - help, Q - select action, (/) - cycle Shift-Dir - straight line, f - Terence
Aim: Terence, wielding a +2 trident of protection and wearing a +0 scale mail (100% to hit)
The magic dart hits Terence but does no damage.
Aiming: Magic Dart (safe; 4% risk of failure)
Press: ? - help, Q - select action, (/) - cycle Shift-Dir - straight line, f/p - Terence
Aim: Terence, wielding a +2 trident of protection and wearing a +0 scale mail (100% to hit)
The magic dart hits Terence but does no damage.
Aiming: Magic Dart (safe; 4% risk of failure)
Press: ? - help, Q - select action, (/) - cycle Shift-Dir - straight line, f/p - Terence
Aim: Terence, wielding a +2 trident of protection and wearing a +0 scale mail (100% to hit)
The magic dart hits Terence but does no damage.
Aiming: Magic Dart (safe; 4% risk of failure)
Press: ? - help, Q - select action, (/) - cycle Shift-Dir - straight line, f/p - Terence
Aim: Terence, wielding a +2 trident of protection and wearing a +0 scale mail (100% to hit)
The magic dart hits Terence but does no damage.
Aiming: Magic Dart (safe; 4% risk of failure)
Press: ? - help, Q - select action, (/) - cycle Shift-Dir - straight line, f/p - Terence
Aim: Terence, wielding a +2 trident of protection and wearing a +0 scale mail (100% to hit)
The magic dart hits Terence but does no damage.
Aiming: Magic Dart (safe; 4% risk of failure)
Press: ? - help, Q - select action, (/) - cycle Shift-Dir - straight line, f/p - Terence
Aim: Terence, wielding a +2 trident of protection and wearing a +0 scale mail (100% to hit)
The magic dart hits Terence but does no damage.
Aiming: Magic Dart (safe; 4% risk of failure)
Press: ? - help, Q - select action, (/) - cycle Shift-Dir - straight line, f/p - Terence
Aim: Terence, wielding a +2 trident of protection and wearing a +0 scale mail (100% to hit)
The magic dart hits Terence but does no damage.
Aiming: Magic Dart (safe; 4% risk of failure)
Press: ? - help, Q - select action, (/) - cycle Shift-Dir - straight line, f/p - Terence
Aim: Terence, wielding a +2 trident of protection and wearing a +0 scale mail (100% to hit)
The magic dart hits Terence but does no damage.
Aiming: Magic Dart (safe; 4% risk of failure)
Press: ? - help, Q - select action, (/) - cycle Shift-Dir - straight line, f/p - Terence
Aim: Terence, wielding a +2 trident of protection and wearing a +0 scale mail (100% to hit)
The magic dart hits Terence.
Terence is lightly wounded.
You see here a +0 club.
Aiming: Magic Dart (safe; 4% risk of failure)
Press: ? - help, Q - select action, (/) - cycle Shift-Dir - straight line, f/p - Terence
Aim: Terence, wielding a +2 trident of protection and wearing a +0 scale mail (lightly wounded, 100% to hit)
The magic dart hits Terence but does no damage.
Terence is lightly wounded.
Aiming: Magic Dart (safe; 4% risk of failure)
Press: ? - help, Q - select action, (/) - cycle Shift-Dir - straight line, f/p - Terence
Aim: Terence, wielding a +2 trident of protection and wearing a +0 scale mail (lightly wounded, 100% to hit)
The magic dart hits Terence but does no damage.
Terence is lightly wounded.
Aiming: Magic Dart (safe; 4% risk of failure)
Press: ? - help, Q - select action, (/) - cycle Shift-Dir - straight line, f - you That beam is likely to hit you.
Continue anyway? [Y]es or [N]o only, please.
That beam is likely to hit you.
Continue anyway?
Okay, then.
There is a stone staircase leading up here.
Aiming: Magic Dart (safe; 4% risk of failure)
Press: ? - help, Q - select action, (/) - cycle Shift-Dir - straight line, f - Terence
Aim: Terence, wielding a +2 trident of protection and wearing a +0 scale mail (lightly wounded, 100% to hit)
The magic dart hits Terence but does no damage.
Terence is lightly wounded.
* * * LOW MAGIC WARNING * * *
Terence closely misses you.
You climb upwards.
There is a stone staircase leading down here.
There is a stone staircase leading down here.
Magic restored.
Done exploring.
This staircase leads to a travel-excluded area!
Enter next level anyway? [Y]es or [N]o only, please.
Enter next level anyway? [Y]es or [N]o only, please.
Enter next level anyway?
Okay, then.
There is a stone staircase leading down here.
This staircase leads to a travel-excluded area!
Enter next level anyway? [Y]es or [N]o only, please.
Enter next level anyway? [Y]es or [N]o only, please.
Enter next level anyway?
Okay, then.
This staircase leads to a travel-excluded area!
Enter next level anyway?
You climb downwards.
Level annotation: exclusion: black bear, Terence
There is a stone staircase leading up here.
The black bear growls angrily.
A jackal comes into view.
Found 5 gold pieces.
There is a stone staircase leading down here.
A jackal comes into view.
Found a scroll labelled ZATIMU XEELIARR.
The jackal closely misses you.
Found a short sword.
The jackal attacks as you move away! The jackal bites you.
Really walk into a travel-excluded area?
The jackal attacks as you move away! The jackal bites you.
There is a stone staircase leading up here.
The jackal barely misses you. The jackal attacks as you move away!
The jackal bites you. The jackal attacks as you move away!
The jackal bites you.
The magic dart hits the jackal.
The jackal is moderately wounded.
The jackal misses you.
The magic dart hits the jackal.
The jackal is severely wounded.
The jackal closely misses you. x2
The magic dart hits the jackal.
You kill the jackal!
There is a stone staircase leading up here.
The magic dart hits the black bear.
The black bear is lightly wounded.
You climb upwards.
There is a stone staircase leading down here.
HP restored.
Magic restored.
There is a stone staircase leading down here.
You climb downwards.
Level annotation: Terence
There is a stone staircase leading up here.
The magic dart hits Terence but does no damage.
The magic dart hits Terence but does no damage.
The magic dart hits Terence.
Terence is lightly wounded.
There is a stone staircase leading up here.
The magic dart hits Terence but does no damage.
Terence is lightly wounded.
The magic dart hits Terence but does no damage.
Terence is lightly wounded.
Terence closely misses you.
Terence hits you from afar with a +2 trident of protection!
Ouch! That really hurt!
* * * LOW HITPOINT WARNING * * *
You climb upwards.
There is a stone staircase leading down here.
Magic restored.
HP restored.
Done exploring.
You see here 5 stones.
There is a stone staircase leading down here.
You climb downwards.
Level annotation: Terence Terence barely misses you.
There is a stone staircase leading up here.
Terence barely misses you.
There is a stone staircase leading down here.
You climb downwards.
There is a stone staircase leading up here.
You pick up a manual of Stealth and begin studying.
Found a stone staircase leading down.
Found 8 stones.
You now have 99 gold pieces (gained 7).
Found a stone staircase leading up.
An adder comes into view.
Found a smoky clear potion.
The adder hisses angrily.
An adder is nearby!
The magic dart hits the adder.
The adder is lightly wounded.
The magic dart hits the adder.
The adder is heavily wounded.
The magic dart hits the adder.
The adder is severely wounded.
The magic dart hits the adder.
The adder is almost dead.
The adder barely misses you.
The magic dart hits the adder.
You kill the adder!
You have reached level 4!
Extra life!
Magic restored.
m - a puce potion
Found a runed translucent door.
There is a stone staircase leading up here.
n - a smoky clear potion A hobgoblin comes into view.
The hobgoblin moves out of view.
A hobgoblin and an endoplasm come into view.
There are monsters nearby!
There are monsters nearby!
The magic dart hits the hobgoblin.
The hobgoblin is heavily wounded.
The hobgoblin shouts!
The magic dart hits the hobgoblin.
The hobgoblin is severely wounded.
The endoplasm quivers.
The magic dart hits the hobgoblin.
The hobgoblin is almost dead.
The magic dart hits the hobgoblin but does no damage.
The hobgoblin is almost dead.
The magic dart hits the hobgoblin.
You kill the hobgoblin!
The magic dart hits the endoplasm but does no damage.
The magic dart hits the endoplasm.
The endoplasm is lightly wounded.
The endoplasm hits you.
The magic dart hits the endoplasm.
The endoplasm is almost dead.
* * * LOW MAGIC WARNING * * *
The endoplasm freezes you.
You are frozen.
The magic dart hits the endoplasm.
You kill the endoplasm!
* * * LOW MAGIC WARNING * * *
HP restored.
You see here a hobgoblin corpse.
A kobold comes into view. It is wielding a +3 dagger.
A kobold is nearby!
A kobold is nearby!
The magic dart hits the kobold but does no damage.
The kobold shouts!
The magic dart hits the kobold.
The kobold is heavily wounded.
The magic dart hits the kobold.
You kill the kobold!
Things that are here:
a +3 dagger; a kobold corpse You now have 112 gold pieces (gained 13).
You open the door.
There is an open door here.
A ball python and an orc priest come into view.
The orc priest is wielding a +1 vorpal falchion.
The ball python moves out of view.
The magic dart hits the orc priest but does no damage.
You hear a shout!
The magic dart hits the orc priest but does no damage.
An orc comes into view. It is wielding a +0 trident.
The orc moves out of view.
There is an open door here.
You start resting.
Magic restored.
Found a robe.
Droidtality's ghost turns its malevolent gaze towards you.
You open the door.
There is an open door here.
A frilled lizard comes into view.
A frilled lizard is nearby!
The magic dart hits the frilled lizard.
You kill the frilled lizard!
An orc is nearby!
An orc is nearby!
The magic dart hits the orc but does no damage.
The orc shouts!
The magic dart hits the orc.
The orc is heavily wounded.
The magic dart hits the orc but does no damage.
The orc is heavily wounded.
The magic dart hits the orc but does no damage.
The orc is heavily wounded.
The magic dart hits the orc.
You kill the orc!
An orc priest is nearby!
An orc priest is nearby!
You start resting.
An orc priest is nearby!
The orc priest looks braver for a moment.
The orc priest invokes the aid of Beogh against you.
Beogh smites you!
Ouch! That really hurt!
* * * LOW HITPOINT WARNING * * *
The orc priest looks braver for a moment.
An adder comes into view.
Found a glowing orb.
Found a stone staircase leading up.
An adder is nearby!
You start resting.
HP restored.
You miscast Magic Dart.
You are very lightly contaminated with residual magic.
Nothing appears to happen.
The magic dart hits the adder.
The adder is lightly wounded.
The adder bites you.
The magic dart hits the adder.
The adder is heavily wounded.
The adder completely misses you.
The magic dart hits the adder.
You kill the adder!
You can't see any susceptible monsters within range! (Use Z to cast anyway.)
Your magical contamination has completely faded away.
HP restored.
Magic restored.
You see here an adder corpse.
You see here an orb of energy.
An adder comes into view.
The magic dart hits the adder.
The adder is moderately wounded.
The adder hisses angrily.
The magic dart hits the adder.
The adder is severely wounded.
An endoplasm comes into view.
The magic dart hits the adder.
The adder is almost dead.
The magic dart hits the adder but does no damage.
The adder is almost dead.
The magic dart hits the adder.
You kill the adder!
An endoplasm is nearby!
The magic dart hits the endoplasm.
You kill the endoplasm!
Your Conjurations skill increases to level 4!
You can't see any susceptible monsters within range! (Use Z to cast anyway.) Unknown command.
You start resting.
Magic restored.
Okay, then.
Found a stone staircase leading down.
l - 2 sedimented yellow potions (gained 1)
You see here a ring of see invisible.
An adder comes into view.
The adder hisses angrily.
Okay, then.
The magic dart hits the adder but does no damage.
Ijyb the Twisted Goblin comes into view.
She is wielding a +0 dagger, wearing a +3 ring mail of cold resistance and carrying a wand of mindburst (15).
The magic dart hits the adder.
The adder is moderately wounded.
Ijyb shouts!
You hear a shout!
A ball python comes into view.
You hear a shout!
The ball python hisses angrily.
You see here a ring of see invisible.
You start resting.
Magic restored.
Found 17 gold pieces and 6 stones.
A goblin comes into view. It is wielding a +0 rapier.
Found a club.
A goblin is nearby!
A goblin is nearby!
The magic dart hits the goblin.
The goblin is severely wounded.
The magic dart hits the goblin.
You kill the goblin!
The magic dart hits the ball python.
You kill the ball python!
You start resting.
Magic restored.
The magic dart hits Ijyb.
Ijyb is lightly wounded.
Ijyb screams, "Me very upset!"
Ijyb zaps a wand.
You struggle to resist.
You can't see any susceptible monsters within range! (Use Z to cast anyway.) Ijyb zaps a wand.
Your mind is blasted!
Ouch! That really hurt!
* * * LOW HITPOINT WARNING * * *
You are too injured to fight recklessly!
There is a stone staircase leading up here.
You climb upwards.
Level annotation: Terence
There is a stone staircase leading down here.
Magic restored.
HP restored.
The magic dart hits Terence but does no damage.
Terence shouts!
The magic dart hits Terence.
Terence is lightly wounded.
Terence shouts, "Get ready for death!"
The magic dart hits Terence but does no damage.
Terence is lightly wounded.
The magic dart hits Terence.
Terence is moderately wounded.
The magic dart hits Terence but does no damage.
Terence is moderately wounded.
Terence screams, "I want your blood!"
You see here a +0 ring mail.
The magic dart hits Terence but does no damage.
Terence is lightly wounded.
The magic dart hits Terence but does no damage.
Terence is lightly wounded.
The magic dart hits Terence.
Terence is moderately wounded.
The magic dart hits Terence.
Terence is heavily wounded.
Terence drinks a potion.
Terence is healed!
The magic dart hits Terence but does no damage.
Terence screams, "I'm going to kill you!"
The magic dart hits Terence but does no damage.
* * * LOW MAGIC WARNING * * *
The magic dart hits Terence.
Terence is lightly wounded.
* * * LOW MAGIC WARNING * * *
Terence shouts, "Get ready for death!"
There is a stone staircase leading up here.
o - a scroll labelled TIGISE EDIT You see here a jackal skeleton.
There is a stone staircase leading up here.
Terence is nearby!
Terence is nearby!
The magic dart hits Terence but does no damage.
The magic dart hits Terence.
Terence is lightly wounded.
There is a stone staircase leading down here.
There is a stone staircase leading up, spattered with blood here.
The magic dart hits Terence but does no damage.
Terence is lightly wounded.
The magic dart hits Terence but does no damage.
Terence is lightly wounded.
Terence hits you from afar with a +2 trident of protection!
Ouch! That really hurt!
* * * LOW HITPOINT WARNING * * *
You climb upwards.
There is a stone staircase leading down here.
There is a stone staircase leading down here.
HP restored.
Magic restored.
Done exploring.
You climb downwards.
Level annotation: Terence
There is a stone staircase leading up here.
You see here a jackal skeleton.
A jackal is nearby!
The magic dart hits the jackal.
The jackal is heavily wounded.
The jackal barks!
The magic dart hits the jackal.
The jackal is severely wounded.
The magic dart hits the jackal.
The jackal is almost dead.
The jackal barely misses you.
A jackal is nearby!
A jackal is nearby!
The magic dart hits the jackal.
You kill the jackal!
A rat comes into view.
A rat is nearby!
A rat is nearby!
The magic dart hits the rat.
The rat is moderately wounded.
The magic dart hits the rat.
You kill the rat!
Magic restored.
You see here a jackal corpse.
You now have 117 gold pieces (gained 5).
c - 2 scrolls labelled ZATIMU XEELIARR (gained 1)
You see here a +2 trident of protection.
You see here a rat corpse.
A goblin comes into view. It is wielding a +0 club.
The magic dart hits the goblin.
You kill the goblin!
The black bear growls angrily.
A black bear is nearby!
A black bear is nearby!
The magic dart hits the black bear.
The black bear is lightly wounded.
You miscast Magic Dart.
You are very lightly contaminated with residual magic.
Nothing appears to happen.
The magic dart hits the black bear.
The black bear is lightly wounded.
The magic dart hits the black bear.
The black bear is moderately wounded.
Your magical contamination has completely faded away.
The magic dart hits the black bear.
The black bear is moderately wounded.
The magic dart hits the black bear.
The black bear is moderately wounded.
The magic dart hits the black bear.
The black bear is heavily wounded.
The magic dart hits the black bear.
The black bear is heavily wounded.
The magic dart hits the black bear but does no damage.
The black bear is heavily wounded.
You miscast Magic Dart.
You are very lightly contaminated with residual magic.
Nothing appears to happen.
There is a stone staircase leading up here.
The magic dart hits the black bear.
The black bear is heavily wounded.
The magic dart hits the black bear.
The black bear is severely wounded.
The magic dart hits the black bear.
The black bear is severely wounded.
The black bear goes berserk!
You climb upwards.
Your magical contamination has completely faded away.
There is a stone staircase leading down here.
Magic restored.
Done exploring.
There is a stone staircase leading down here.
You climb downwards.
Level annotation: Terence
There is a stone staircase leading up, spattered with blood here.
You see here a +0 club.
Terence shouts!
Terence is nearby!
The magic dart hits Terence but does no damage.
The magic dart hits Terence but does no damage.
The magic dart hits Terence.
Terence is moderately wounded.
The magic dart hits Terence but does no damage.
Terence is moderately wounded.
The magic dart hits Terence but does no damage.
Terence is moderately wounded.
The magic dart hits Terence but does no damage.
Terence is moderately wounded.
The magic dart hits Terence but does no damage.
Terence is moderately wounded.
Terence looks scornfully at you.
You see here a +0 club.
Terence is nearby!
Terence is nearby!
The magic dart hits Terence but does no damage.
Terence is moderately wounded.
The magic dart hits Terence but does no damage.
Terence is moderately wounded.
Terence screams, "I want your blood!"
The magic dart hits Terence.
Terence is moderately wounded.
Terence bares his teeth.
You see here a +0 club.
The magic dart hits Terence but does no damage.
Terence is moderately wounded.
The magic dart hits Terence but does no damage.
Terence is moderately wounded.
The magic dart hits Terence but does no damage.
Terence is moderately wounded.
There is a stone staircase leading up, spattered with blood here.
There is a stone staircase leading down here.
There is a stone staircase leading up here.
Magic restored.
Done exploring.
Done exploring.
You see here a rat skeleton.
There is a stone staircase leading down here.
You climb downwards.
Level annotation: 1 runed translucent door, Ijyb; droidtality's ghost, amateur MfGl
There is a stone staircase leading up here.
The orc priest shouts!
An orc priest is nearby!
The magic dart hits the orc priest.
The orc priest is heavily wounded.
The magic dart hits the orc priest but does no damage.
The orc priest is heavily wounded.
The orc priest invokes the aid of Beogh against you.
Beogh smites you!
Ouch! That really hurt!
* * * LOW HITPOINT WARNING * * *
You are too injured to fight recklessly!
Aiming: Magic Dart (safe; 3% risk of failure)
Press: ? - help, Q - select action, (/) - cycle Shift-Dir - straight line, f/p - orc priest
Aim: an orc priest, wielding a +1 vorpal falchion and wearing a +0 chain mail (heavily wounded, 100% to hit)
The magic dart hits the orc priest.
The orc priest is heavily wounded.
There is a stone staircase leading up here.
You start resting.
An orc priest is nearby!
Aiming: Magic Dart (safe; 3% risk of failure)
Press: ? - help, Q - select action, (/) - cycle Shift-Dir - straight line, f/p - orc priest
Aim: an orc priest, wielding a +1 vorpal falchion and wearing a +0 chain mail (heavily wounded, 100% to hit)
The magic dart hits the orc priest.
The orc priest is severely wounded.
Aiming: Magic Dart (safe; 3% risk of failure)
Press: ? - help, Q - select action, (/) - cycle Shift-Dir - straight line, f/p - orc priest
Aim: an orc priest, wielding a +1 vorpal falchion and wearing a +0 chain mail (severely wounded, 100% to hit)
The magic dart hits the orc priest but does no damage.
The orc priest is severely wounded.
Aiming: Magic Dart (safe; 3% risk of failure)
Press: ? - help, Q - select action, (/) - cycle Shift-Dir - straight line, f/p - orc priest
Aim: an orc priest, wielding a +1 vorpal falchion and wearing a +0 chain mail (severely wounded, 100% to hit)
The magic dart hits the orc priest but does no damage.
The orc priest is severely wounded.
The orc priest misses you.
Aiming: Magic Dart (safe; 3% risk of failure)
Press: ? - help, Q - select action, (/) - cycle Shift-Dir - straight line, f/p - orc priest
Aim: an orc priest, wielding a +1 vorpal falchion and wearing a +0 chain mail (severely wounded, 100% to hit)
The magic dart hits the orc priest.
The orc priest is severely wounded.
The orc priest barely misses you.
Aiming: Magic Dart (safe; 3% risk of failure)
Press: ? - help, Q - select action, (/) - cycle Shift-Dir - straight line, f/p - orc priest
Aim: an orc priest, wielding a +1 vorpal falchion and wearing a +0 chain mail (severely wounded, 100% to hit)
The magic dart hits the orc priest but does no damage.
The orc priest is severely wounded.
The orc priest barely misses you.
Aiming: Magic Dart (safe; 3% risk of failure)
Press: ? - help, Q - select action, (/) - cycle Shift-Dir - straight line, f/p - orc priest
Aim: an orc priest, wielding a +1 vorpal falchion and wearing a +0 chain mail (severely wounded, 100% to hit)
The magic dart hits the orc priest.
The orc priest is almost dead.
* * * LOW MAGIC WARNING * * *
The orc priest barely misses you.
Aiming: Magic Dart (safe; 3% risk of failure)
Press: ? - help, Q - select action, (/) - cycle Shift-Dir - straight line, f/p - orc priest
Aim: an orc priest, wielding a +1 vorpal falchion and wearing a +0 chain mail (severely wounded, 100% to hit)
The magic dart hits the orc priest.
You kill the orc priest!
* * * LOW MAGIC WARNING * * *
You now have 128 gold pieces (gained 11).
Things that are here:
a +1 vorpal falchion; a +0 chain mail HP restored.
Magic restored.
There is an open door here.
A kobold comes into view. It is wielding a +0 dagger.
The kobold shouts!
The kobold moves out of view.
The magic dart hits the kobold.
The kobold is moderately wounded.
The magic dart hits the kobold.
You kill the kobold!
A quokka comes into view.
There is an open door here.
A quokka is nearby!
The magic dart hits the quokka.
The quokka is heavily wounded.
The magic dart hits the quokka.
You kill the quokka!
A goblin comes into view. It is wielding a +0 club.
A goblin is nearby!
A goblin is nearby!
The magic dart hits the goblin.
The goblin is heavily wounded.
The goblin hits you with a +0 club.
The magic dart hits the goblin.
You kill the goblin!
You can't see any susceptible monsters within range! (Use Z to cast anyway.)
You see here a +0 club.
A kobold comes into view. It is wielding a +0 dagger.
A kobold is nearby!
A kobold is nearby!
The magic dart hits the kobold.
The kobold is severely wounded.
The kobold shouts!
The magic dart hits the kobold.
You kill the kobold!
You have reached level 5!
You feel agile.
Ijyb is nearby!
Ijyb is nearby!
Ijyb is nearby!
The magic dart hits Ijyb.
Ijyb is lightly wounded.
Ijyb shouts!
The magic dart hits Ijyb.
Ijyb is lightly wounded.
The magic dart hits Ijyb but does no damage.
Ijyb is lightly wounded.
Ijyb zaps a wand.
Your mind is blasted!
The magic dart hits Ijyb but does no damage.
Ijyb is lightly wounded.
You see here a +0 club.
You see here a quokka corpse.
The magic dart hits Ijyb.
Ijyb is heavily wounded.
The magic dart hits Ijyb but does no damage.
Ijyb is heavily wounded.
Ijyb zaps a wand.
Your mind is blasted!
Ijyb zaps a wand.
Your mind is blasted!
Ouch! That really hurt!
You die...
You are now level 4!
You rejoin the land of the living...
Unknown command.
Unknown command.
Unknown command.
Unknown command.
Unknown command.
Unknown command.
Unknown command.
Unknown command.
Unknown command.
Unknown command.
You can't go down here!
(D) Dungeon
Where to? (Enter - D:3 @ (x,y), ? - help)
There is a stone staircase leading down here.
You climb downwards.
There is a stone staircase leading up here.
p - an amulet of magic regeneration
Found a stone staircase leading down.
A ball python comes into view.
The magic dart hits the ball python.
The ball python is severely wounded.
The ball python hisses angrily.
A scorpion comes into view.
The magic dart hits the ball python.
You kill the ball python!
The magic dart hits the scorpion.
The scorpion is moderately wounded.
A scorpion is nearby!
The magic dart hits the scorpion.
The scorpion is moderately wounded.
The magic dart hits the scorpion.
The scorpion is heavily wounded.
The magic dart hits the scorpion.
The scorpion is severely wounded.
The magic dart hits the scorpion but does no damage.
The scorpion is severely wounded.
The scorpion closely misses you.
The magic dart hits the scorpion but does no damage.
The scorpion is severely wounded.
The scorpion stings you.
You are poisoned.
The scorpion poisons you!
The magic dart hits the scorpion.
The scorpion is severely wounded.
* * * LOW MAGIC WARNING * * *
You feel very sick. The scorpion stings you.
* * * LOW HITPOINT WARNING * * *
You are too injured to fight recklessly!
You are too injured to fight recklessly!
* * * LOW HITPOINT WARNING * * *
You feel sick.
You feel much better.
You feel sick. The scorpion stings you.
You are lethally poisoned!
The scorpion poisons you! The scorpion stings you.
* * * LOW HITPOINT WARNING * * *
It was a potion of resistance.
You feel protected.
* * * LOW HITPOINT WARNING * * *
You feel very sick. The scorpion misses you.
It was a potion of mutation.
You feel extremely strange.
You feel genetically stable.
* * * LOW HITPOINT WARNING * * *
You feel very sick. The scorpion closely misses you.
You feel much better.
You feel sick. The scorpion stings you!
* * * LOW HITPOINT WARNING * * *
Casting: Magic Dart (safe; 2% risk of failure)
Confirm with . or Enter, or press ? or * to list all spells.
Aiming: Magic Dart (safe; 2% risk of failure)
Press: ? - help, Shift-Dir - straight line, f/p - scorpion
Aim: a scorpion (severely wounded, 100% to hit)
The magic dart hits the scorpion.
The scorpion is almost dead.
* * * LOW MAGIC WARNING * * *;
* * * LOW HITPOINT WARNING * * *
You feel sick. The scorpion stings you!
You die...

#### ##...#
###......
#........
##........
#.........
#.......†.
#.........
###@s....###
.#
###...######
..######...###
#...#....##
#.....###
#.....##
#......##
##.......#
#...>....#


You could see a scorpion.

Vanquished Creatures
  An orc priest (D:3)
  7 adders
  A dart slug (D:2)
  An orc (D:3)
  5 ball pythons
  2 bats (D:2)
  5 endoplasms
  2 giant cockroaches
  6 goblins
  A hobgoblin (D:3)
  2 jackals (D:2)
  6 kobolds
  A quokka (D:3)
  A frilled lizard (D:3)
  4 rats
45 creatures vanquished.

Vanquished Creatures (others)
  3 fungi (D:2)
  8 plants (D:2)
11 creatures vanquished.

Grand Total: 56 creatures vanquished

Notes
Turn   | Place    | Note
-------+----------+-------------------------------------------
     0 | D:1      | sleeves the Felid Hedge Wizard began the quest for the Orb.
     0 | D:1      | Reached XP level 1. HP: 7/7 MP: 5/5
    41 | D:1      | Reached skill level 1 in Conjurations
   572 | D:1      | Reached XP level 2. HP: 11/11 MP: 2/7
   729 | D:1      | Reached skill level 2 in Conjurations
   988 | D:2      | Identified the +5 scale mail "Waiclum" {+Inv Int+6 Dex-3}
  1043 | D:2      | Noticed a black bear
  1157 | D:2      | Reached XP level 3. HP: 14/14 MP: 3/8
  1214 | D:2      | Reached skill level 3 in Conjurations
  1427 | D:2      | Found a faded altar of an unknown god.
  1697 | D:2      | Noticed Terence
  1737 | D:2      | HP: 4/14 [Terence/+2 trident of protection (10)]
  2023 | D:2      | HP: 4/14 [Terence/+2 trident of protection (10)]
  2213 | D:3      | Reached XP level 4. HP: 18/18 MP: 3/9
  2266 | D:3      | Found a runed translucent door.
  2462 | D:3      | Noticed droidtality's ghost (amateur MfGl)
  2524 | D:3      | HP: 2/18 [orc priest/divine providence (16)]
  2683 | D:3      | Reached skill level 4 in Conjurations
  2741 | D:3      | Noticed Ijyb
  2817 | D:3      | HP: 8/18 [disintegration (10)]
  2996 | D:2      | HP: 6/18 [Terence/+2 trident of protection (12)]
  3631 | D:3      | HP: 9/18 [orc priest/divine providence (9)]
  3820 | D:3      | Reached XP level 5. HP: 21/21 MP: 7/10
  3867 | D:3      | Blown up by Ijyb
  3868 | D:3      | Reached XP level 4. HP: -2/18 MP: 6/9
  3946 | D:4      | Noticed a scorpion
  3954 | D:4      | HP: 9/18 [scorpion (2)]
  3958 | D:4      | Gained mutation: You are somewhat resistant to further
                  | mutation. [potion of mutation]
  3958 | D:4      | HP: 3/18 [poisoned by a scorpion]
  3960 | D:4      | Slain by a scorpion

Illustrated notes

Levels and vault maps discovered:
D:1:      minmay_arrival_solitary_statue, layout_loops_cross
D:2:      layout_loops_cross, dreamdust_ecumenical_altar_grove, uniq_terence
D:3:      layout_basic, ebering_ghost_reflecting_pool, wad_rectangle_vault,
          uniq_ijyb, uniq_crazy_yiuf_cottage
D:4:      layout_cave_pods, uniq_duvessa, uniq_grinder, uniq_edmund,
          uniq_menkaure

Skill      XL: |  1  2  3  4 |
---------------+-------------+-----
Conjurations   | 1 2 3 4 |  4.4
Dodging        | |  2.6
Stealth        | |  2.6
Spellcasting   | |  3.0
Summonings     | |  1.0
Translocations | |  1.5

Action                   |  1- 3 |  4- 6 || total
-------------------------+-------+-------++-------
 Cast: Magic Dart        |    87 |   116 ||   203
  Use: Potion            |       |     4 ||     4
Armor: Skin              |     1 |       ||     1
Dodge: Dodged            |    22 |     9 ||    31

Table legend: (Time is in decaauts)
 A = Elapsed time spent in this place.
 B = Non-inter-level travel time spent in this place.
 C = Inter-level travel time spent in this place.
 D = Time resting spent in this place.
 E = Time spent auto-exploring this place.
 F = Levels seen in this place.
 G = Mean time per level.
                   A        B        C        D        E       F      G
               +--------+--------+--------+--------+--------+-----+--------+
         Total |   3493 |   3214 |    279 |    129 |   2339 |   4 |  873.2 |
       Dungeon |   3493 |   3214 |    279 |    129 |   2339 |   4 |  873.2 |
               +--------+--------+--------+--------+--------+-----+--------+

Top non-repeatable levels by time:
     D:2: 1463 daAuts
     D:1: 1093 daAuts
     D:3: 877 daAuts
     D:4: 59 daAuts
